[Event "42nd Olympiad Baku 2016 Women"]
[Site "Baku"]
[Date "2016.09.03"]
[Round "2.8"]
[White "Raeva, Elitsa"]
[Black "Kakulidis, Ellen"]
[Result "1-0"]
[ECO "A46"]
[WhiteElo "2232"]
[BlackElo "1928"]
[Annotator ""]
[PlyCount "41"]
[EventDate "2016.??.??"]
[EventCountry "AZE"]
[SourceTitle "playchess.com"]
[Source "ChessBase"]
[WhiteTeam "Bulgaria"]
[BlackTeam "Denmark"]
[WhiteTeamCountry "BUL"]
[BlackTeamCountry "DEN"]
[TimeControl "40/5400+30:1800+30"]

1. d4 {(00:00)} e6 {(00:00)} 2. Nf3 {(00:00)} Nf6 {
(00:01)} 3. e3 {(00:27)} b6 {(01:04)} 4. Bd3 {(00:
18)} Bb7 {(00:23)} 5. O-O {(00:26)} Be7 {(04:16)} 6. Nbd2
{(01:44)} c5 {(01:41)} 7. b3 {(05:33)} cxd4 {(03:
53)} 8. Nxd4 {(04:11)} O-O {(02:03)} 9. Bb2 {(05:37)} Re8
{(03:02)} 10. e4 {(11:37)} Nc6 {(08:45)} 11. Nxc6 {
(13:14)} dxc6 {(03:49)} 12. Qe2 {(13:12)} Qc7 {(06:
00)} 13. Rad1 {(02:00)} Rad8 {(02:13)} 14. e5 {(09:04)}
Nd7 {(01:41)} 15. Nc4 {(03:01)} Nc5 {(20:45)} 16. Nd6 {
(01:02)} Rf8 {(02:27)} 17. Qh5 {(02:06)} Nxd3 {(15:
51)} 18. Rxd3 {(00:14)} Bxd6 {(07:28)} 19. exd6 {(03:12)}
Qd7 {(00:05)} 20. Rh3 {(01:44)} h6 {(00:21)} 21. Bxg7 {
(01:02)} 1-0

[Event "42nd Olympiad Baku 2016 Women"]
[Site "Baku"]
[Date "2016.09.03"]
[Round "2.23"]
[White "Ramirez Gonzalez, Maria Jose"]
[Black "Mendis, Dasuni Hansika"]
[Result "0-1"]
[ECO "A45"]
[WhiteElo "1859"]
[BlackElo "1699"]
[Annotator ""]
[PlyCount "62"]
[EventDate "2016.??.??"]
[EventCountry "AZE"]
[SourceTitle "playchess.com"]
[Source "ChessBase"]
[WhiteTeam "Costa Rica"]
[BlackTeam "Sri Lanka"]
[WhiteTeamCountry "CRI"]
[BlackTeamCountry "SRI"]
[TimeControl "40/5400+30:1800+30"]

1. d4 {(00:00)} Nf6 {(00:00)} 2. Bf4 {(00:00)} e6 {
(00:00)} 3. e3 {(00:00)} c5 {(00:09)} 4. c3 {(00:
44)} Nc6 {(00:28)} 5. Nf3 {(00:50)} d5 {(00:12)} 6. Nbd2 {
(00:40)} Bd6 {(00:08)} 7. Ne5 {(01:12)} Qc7 {(08:
49)} 8. Bb5 {(07:02)} O-O {(01:39)} 9. Bxc6 {(15:53)} bxc6
{(00:50)} 10. Qa4 {(07:59)} Bb7 {(05:57)} 11. Nb3 {
(04:34)} c4 {(10:00)} 12. Na5 {(02:14)} Rfc8 {(09:
12)} 13. O-O {(14:15)} Nh5 {(04:37)} 14. g3 {(16:45)} Nxf4
{(01:36)} 15. exf4 {(03:45)} f6 {(02:06)} 16. Nf3 {
(00:26)} Ba6 {(00:48)} 17. b4 {(09:30)} cxb3 {(00:
57)} 18. c4 {(04:36)} b2 {(19:19)} 19. Rab1 {(01:20)} Rab8
{(00:28)} 20. a3 {(01:08)} c5 {(14:52)} 21. Rfe1 {(
01:13)} dxc4 {(01:56)} 22. Nxc4 {(01:08)} Bb5 {(01:48)}
23. Qb3 {(01:58)} cxd4 {(10:18)} 24. Nxd6 {(00:49)} Qxd6 {
(00:06)} 25. Rxe6 {(00:37)} Bc4 {(03:14)} 26. Rxd6 {
(01:46)} Rxb3 {(00:06)} 27. Nd2 {(01:29)} Bd3 {(01:
13)} 28. Nxb3 {(00:01)} Bxb1 {(00:05)} 29. Rxd4 {(00:54)}
Rc1+ {(00:58)} 30. Kg2 {(00:32)} Be4+ {(00:08)} 31. Rxe4 {
(00:13)} b1=Q {(00:11)} 0-1

[Event "42nd Olympiad Baku 2016 Women"]
[Site "Baku"]
[Date "2016.09.03"]
[Round "2.4"]
[White "Razan, Alshaeby"]
[Black "Carraro, Denise"]
[Result "0-1"]
[ECO "B06"]
[WhiteElo "1896"]
[BlackElo "2120"]
[Annotator ""]
[PlyCount "56"]
[EventDate "2016.??.??"]
[EventCountry "AZE"]
[SourceTitle "playchess.com"]
[Source "ChessBase"]
[WhiteTeam "Jordan"]
[BlackTeam "Argentina"]
[WhiteTeamCountry "JOR"]
[BlackTeamCountry "ARG"]
[TimeControl "40/5400+30:1800+30"]

1. e4 {(00:00)} g6 {(00:31)} 2. d4 {(00:00)} d6 {(
00:06)} 3. Nc3 {(00:00)} a6 {(01:46)} 4. h4 {(04:50)} h5 {
(06:04)} 5. Nh3 {(01:45)} b5 {(00:19)} 6. Ng5 {(04:
26)} Nh6 {(08:03)} 7. Bf4 {(06:05)} Bg7 {(08:16)} 8. Be2 {
(09:36)} Bb7 {(19:37)} 9. a3 {(03:42)} Nc6 {(04:17]
} 10. Be3 {(02:39)} Ng4 {(10:06)} 11. Bxg4 {(07:39)} hxg4
{(00:05)} 12. Qxg4 {(07:19)} Nxd4 {(00:05)} 13. O-O-O {
(11:38)} c5 {(00:51)} 14. Qf4 {(10:35)} Bf6 {(05:
54)} 15. Bxd4 {(02:56)} cxd4 {(00:19)} 16. Nd5 {(02:03)}
Bxd5 {(16:35)} 17. exd5 {(00:07)} O-O {(06:26)} 18. h5 {
(01:12)} e5 {(00:18)} 19. Qh2 {(05:24)} Bxg5+ {(00:
03)} 20. Kb1 {(00:05)} Kg7 {(02:09)} 21. Rd3 {(06:15)} Rh8
{(00:59)} 22. Rh3 {(00:14)} Qd7 {(01:06)} 23. Qg3 {
(02:55)} Qf5 {(00:15)} 24. f3 {(03:19)} Rac8 {(00:
14)} 25. Qf2 {(00:43)} d3 {(00:37)} 26. cxd3 {(01:09)}
Qxd3+ {(00:04)} 27. Ka1 {(00:05)} Rc2 {(03:22)} 28. Qa7 {
(03:58)} Qb3 {(01:13)} 0-1

[Event "42nd Olympiad Baku 2016 Women"]
[Site "Baku"]
[Date "2016.09.03"]
[Round "2.25"]
[White "Richards, Deborah"]
[Black "Blackman, Katrina"]
[Result "1-0"]
[ECO "A25"]
[WhiteElo "2023"]
[BlackElo "1642"]
[Annotator ""]
[PlyCount "67"]
[EventDate "2016.??.??"]
[EventCountry "AZE"]
[SourceTitle "playchess.com"]
[Source "ChessBase"]
[WhiteTeam "Jamaica"]
[BlackTeam "Barbados"]
[WhiteTeamCountry "JAM"]
[BlackTeamCountry "BAR"]
[TimeControl "40/5400+30:1800+30"]

1. c4 {(00:00)} e5 {(00:00)} 2. Nc3 {(00:00)} Nc6 {
(00:05)} 3. g3 {(00:22)} Bc5 {(00:10)} 4. Bg2 {(00:
07)} d6 {(00:35)} 5. e3 {(02:53)} a6 {(00:14)} 6. Nge2 {
(01:12)} Nge7 {(02:08)} 7. O-O {(00:39)} Be6 {(00:
48)} 8. d4 {(01:19)} exd4 {(19:06)} 9. exd4 {(10:56)} Bxd4
{(05:39)} 10. Nxd4 {(00:26)} Bxc4 {(00:23)} 11. Nxc6 {
(02:58)} bxc6 {(00:33)} 12. Re1 {(01:15)} O-O {(00:
09)} 13. Bg5 {(07:00)} f6 {(01:59)} 14. Qg4 {(27:14)} Bd5
{(11:19)} 15. Nxd5 {(02:26)} Nxd5 {(01:24)} 16. Bd2 {
(00:11)} Kh8 {(02:56)} 17. Qc4 {(00:33)} Rb8 {(08:
11)} 18. b3 {(00:26)} Qd7 {(08:51)} 19. Rac1 {(01:54)} Rb6
{(04:57)} 20. Bxd5 {(01:15)} cxd5 {(00:15)} 21. Qxc7 {
(00:28)} Rb7 {(13:16)} 22. Qxd7 {(01:13)} Rxd7 {(
00:03)} 23. Rc6 {(00:10)} Kg8 {(02:11)} 24. Rxa6 {(00:58)}
Rc8 {(00:22)} 25. Rc1 {(01:10)} Re8 {(00:47)} 26. Bb4 {
(00:39)} d4 {(01:49)} 27. Rd1 {(03:11)} Rc7 {(02:
59)} 28. Rxd4 {(02:57)} Rc2 {(00:46)} 29. Ra7 {(02:40)}
Ree2 {(02:27)} 30. Rxd6 {(00:15)} h5 {(00:07)} 31. Rdd7 {
(00:17)} Kh7 {(00:52)} 32. Rxg7+ {(00:19)} Kh6 {(
00:03)} 33. Bf8 {(01:52)} Rxf2 {(01:07)} 34. Rg8# {(00:24]
} 1-0

[Event "42nd Olympiad Baku 2016 Women"]
[Site "Baku"]
[Date "2016.09.03"]
[Round "2.27"]
[White "Rinne, Heini"]
[Black "Sakai, Azumi"]
[Result "1/2-1/2"]
[ECO "D31"]
[WhiteElo "1751"]
[BlackElo "1703"]
[Annotator ""]
[PlyCount "61"]
[EventDate "2016.??.??"]
[EventCountry "AZE"]
[SourceTitle "playchess.com"]
[Source "ChessBase"]
[WhiteTeam "Finland"]
[BlackTeam "Japan"]
[WhiteTeamCountry "FIN"]
[BlackTeamCountry "JPN"]
[TimeControl "40/5400+30:1800+30"]

1. d4 {(00:00)} d5 {(00:00)} 2. c4 {(00:00)} e6 {(
00:00)} 3. Nc3 {(00:45)} c6 {(00:00)} 4. e3 {(05:00)} f5 {
(00:13)} 5. Nf3 {(05:46)} Nf6 {(00:19)} 6. Be2 {(
12:13)} Bd6 {(01:21)} 7. Ne5 {(06:18)} O-O {(04:41)} 8. f4
{(01:48)} Nbd7 {(04:41)} 9. Bd2 {(05:42)} Ne4 {(11:
58)} 10. Nxe4 {(05:13)} fxe4 {(00:30)} 11. Nxd7 {(04:26)}
Bxd7 {(00:39)} 12. Qb3 {(20:50)} Rb8 {(02:53)} 13. Bb4 {
(01:38)} Bxb4+ {(03:55)} 14. Qxb4 {(00:07)} a5 {(
09:27)} 15. Qc3 {(03:04)} b5 {(01:51)} 16. cxb5 {(06:33)}
cxb5 {(00:18)} 17. O-O {(02:00)} Rc8 {(01:14)} 18. Qd2 {
(00:13)} b4 {(04:09)} 19. Rac1 {(06:11)} Qb6 {(00:
31)} 20. Rxc8 {(00:34)} Rxc8 {(00:13)} 21. Rc1 {(02:48)}
Qb7 {(04:21)} 22. Kf2 {(01:10)} Kf7 {(06:11)} 23. g3 {
(04:18)} Ke7 {(02:27)} 24. Rxc8 {(01:56)} Qxc8 {(
01:07)} 25. a3 {(01:31)} Qb7 {(02:34)} 26. Qc1 {(00:59)}
Qb6 {(01:36)} 27. Ke1 {(00:48)} h6 {(06:19)} 28. h4 {
(00:50)} Be8 {(03:32)} 29. Kd2 {(00:22)} Kd6 {(01:
53)} 30. axb4 {(00:25)} Qxb4+ {(00:32)} 31. Qc3 {(00:05)}
1/2-1/2

[Event "42nd Olympiad Baku 2016 Women"]
[Site "Baku"]
[Date "2016.09.03"]
[Round "2.21"]
[White "Rodriguez Arrieta, Maria Elena"]
[Black "Ranasinghe, S D."]
[Result "0-1"]
[ECO "B33"]
[WhiteElo "1903"]
[BlackElo "1731"]
[Annotator ""]
[PlyCount "78"]
[EventDate "2016.??.??"]
[EventCountry "AZE"]
[SourceTitle "playchess.com"]
[Source "ChessBase"]
[WhiteTeam "Costa Rica"]
[BlackTeam "Sri Lanka"]
[WhiteTeamCountry "CRI"]
[BlackTeamCountry "SRI"]
[TimeControl "40/5400+30:1800+30"]

1. e4 {(00:07)} c5 {(00:00)} 2. Nf3 {(00:04)} Nc6 {
(00:00)} 3. d4 {(00:04)} cxd4 {(00:02)} 4. Nxd4 {(
00:03)} Nf6 {(00:04)} 5. Nc3 {(00:05)} e5 {(00:02)} 6.
Ndb5 {(00:05)} d6 {(00:04)} 7. Bg5 {(00:18)} a6 {(
00:04)} 8. Na3 {(00:04)} b5 {(00:03)} 9. Bxf6 {(02:04)}
gxf6 {(00:07)} 10. Nd5 {(00:00)} f5 {(00:05)} 11. Bd3 {
(00:24)} Be6 {(00:09)} 12. c3 {(03:50)} Bg7 {(16:
57)} 13. Nc2 {(09:16)} O-O {(01:27)} 14. Ncb4 {(10:38)}
Nxb4 {(06:55)} 15. Nxb4 {(00:07)} Qc8 {(07:20)} 16. exf5 {
(02:27)} Bxf5 {(01:02)} 17. Nd5 {(00:10)} Ra7 {(00:
05)} 18. Bxf5 {(06:57)} Qxf5 {(00:07)} 19. O-O {(00:13)}
Qe6 {(03:06)} 20. Qb3 {(08:03)} Kh8 {(01:25)} 21. a4 {
(02:19)} Rb7 {(02:00)} 22. Rad1 {(05:50)} Qc8 {(03:
03)} 23. a5 {(06:12)} Qe6 {(04:56)} 24. Qc2 {(05:02)} f5 {
(09:25)} 25. Nb4 {(01:38)} f4 {(05:22)} 26. Qe4 {(
03:25)} f3 {(03:43)} 27. Qxb7 {(01:25)} Qg4 {(00:14)} 28.
g3 {(01:11)} Qh3 {(00:04)} 29. Qxf3 {(00:15)} Rxf3 {
(00:04)} 30. Rxd6 {(00:05)} Bf8 {(00:55)} 31. Rxa6 {
(00:46)} Rf5 {(01:15)} 32. Re1 {(04:07)} Rh5 {(00:
18)} 33. Nd3 {(00:57)} Qxh2+ {(00:24)} 34. Kf1 {(00:05)}
e4 {(00:24)} 35. Nf4 {(01:47)} Qh1+ {(00:04)} 36. Ke2 {
(00:04)} Qf3+ {(00:04)} 37. Kd2 {(00:06)} Rh6 {(05:
03)} 38. Rxh6 {(04:12)} Bxh6 {(00:03)} 39. Re2 {(00:00)}
Qd3+ {(00:00)} 0-1

[Event "42nd Olympiad Baku 2016 Women"]
[Site "Baku"]
[Date "2016.09.03"]
[Round "2.18"]
[White "Rogule, Laura"]
[Black "Yuan, Yuanling"]
[Result "1/2-1/2"]
[ECO "B52"]
[WhiteElo "2306"]
[BlackElo "2205"]
[Annotator ""]
[PlyCount "60"]
[EventDate "2016.??.??"]
[EventCountry "AZE"]
[SourceTitle "playchess.com"]
[Source "ChessBase"]
[WhiteTeam "Latvia"]
[BlackTeam "Canada"]
[WhiteTeamCountry "LAT"]
[BlackTeamCountry "CAN"]
[TimeControl "40/5400+30:1800+30"]

1. e4 {(00:00)} c5 {(00:00)} 2. Nf3 {(00:00)} d6 {(
00:00)} 3. Bb5+ {(00:00)} Bd7 {(00:17)} 4. Bxd7+ {(00:06)}
Nxd7 {(02:22)} 5. b3 {(08:52)} Ngf6 {(01:29)} 6. Qe2 {
(04:06)} e6 {(05:27)} 7. O-O {(04:45)} Be7 {(00:40]
} 8. c4 {(04:43)} O-O {(02:30)} 9. Nc3 {(07:46)} Ne5 {
(06:32)} 10. Rd1 {(01:47)} Qb6 {(05:51)} 11. Bb2 {(
04:35)} a6 {(15:43)} 12. d3 {(14:37)} Rfd8 {(12:54)} 13.
Rd2 {(03:29)} Nfd7 {(01:48)} 14. d4 {(11:02)} Nxf3+ {
(00:55)} 15. Qxf3 {(00:39)} cxd4 {(00:13)} 16. Na4 {
(00:16)} Qa5 {(04:29)} 17. Rxd4 {(00:15)} Nc5 {(02:
50)} 18. Bc3 {(07:27)} Qc7 {(00:24)} 19. Nxc5 {(00:51)}
dxc5 {(00:43)} 20. Rdd1 {(00:29)} Bd6 {(05:19)} 21. e5 {
(02:20)} Bxe5 {(04:00)} 22. Bxe5 {(00:07)} Qxe5 {(
00:03)} 23. Qxb7 {(00:08)} g6 {(01:00)} 24. Qf3 {(05:30)}
Rab8 {(05:39)} 25. g3 {(05:27)} Qb2 {(03:22)} 26. Rdb1 {
(02:31)} Qd4 {(06:20)} 27. Rd1 {(00:55)} Qb2 {(00:
08)} 28. Rdb1 {(00:51)} Qd4 {(00:05)} 29. Rd1 {(00:44)}
Qb2 {(00:28)} 30. Rdb1 {(00:36)} Qd4 1/2-1/2

[Event "42nd Olympiad Baku 2016 Women"]
[Site "Baku"]
[Date "2016.09.03"]
[Round "2.13"]
[White "Roy, Ali"]
[Black "Wakuruwarewa, Colletta"]
[Result "1-0"]
[ECO "A06"]
[WhiteElo "1894"]
[BlackElo "1716"]
[Annotator ""]
[PlyCount "97"]
[EventDate "2016.??.??"]
[EventCountry "AZE"]
[SourceTitle "playchess.com"]
[Source "ChessBase"]
[WhiteTeam "Scotland"]
[BlackTeam "Zimbabwe"]
[WhiteTeamCountry "SCO"]
[BlackTeamCountry "ZIM"]
[TimeControl "40/5400+30:1800+30"]

1. Nf3 {(00:00)} d5 {(00:00)} 2. g3 {(00:00)} Nf6 {
(00:05)} 3. Bg2 {(00:00)} e6 {(00:28)} 4. O-O {(00:
00)} Be7 {(00:24)} 5. d3 {(00:00)} O-O {(00:45)} 6. Nbd2 {
(00:04)} c5 {(01:15)} 7. e4 {(00:38)} Nc6 {(01:08)}
8. e5 {(01:43)} Nd7 {(00:16)} 9. Re1 {(00:04)} Qc7 {
(01:21)} 10. Qe2 {(00:05)} b6 {(01:17)} 11. Nf1 {(
00:18)} Ba6 {(02:13)} 12. h4 {(00:21)} Rac8 {(02:27)} 13.
Bf4 {(00:28)} Rfd8 {(07:13)} 14. N1h2 {(00:34)} Qb7 {
(04:54)} 15. Qd2 {(10:06)} Nd4 {(04:32)} 16. Nxd4 {
(05:53)} cxd4 {(00:56)} 17. Nf3 {(00:12)} Qc7 {(02:
05)} 18. Nxd4 {(01:12)} Bc5 {(01:55)} 19. Nf3 {(01:44)}
Bxf2+ {(03:19)} 20. Qxf2 {(00:57)} Qxc2 {(00:13)} 21. Rac1
{(04:51)} Qxf2+ {(00:56)} 22. Kxf2 {(00:04)} Bxd3 {
(00:26)} 23. Bf1 {(04:12)} Bxf1 {(01:35)} 24. Kxf1 {
(04:00)} Nc5 {(03:10)} 25. Red1 {(06:03)} f6 {(05:
04)} 26. Nd4 {(03:11)} fxe5 {(05:20)} 27. Bxe5 {(00:16)}
Rf8+ {(00:22)} 28. Kg1 {(02:10)} Rfe8 {(00:51)} 29. Nb5 {
(23:15)} Nd7 {(14:14)} 30. Nd6 {(16:25)} Rxc1 {(01:
19)} 31. Rxc1 {(00:02)} Rf8 {(00:31)} 32. Bxg7 {(03:39)}
Kxg7 {(00:29)} 33. Rc7 {(00:03)} Kf6 {(02:51)} 34. Rxd7 {
(00:12)} Ke5 {(01:21)} 35. Nf7+ {(05:33)} Kd4 {(02:
53)} 36. Re7 {(03:04)} Rc8 {(04:46)} 37. Rxe6 {(03:34)}
Rc2 {(00:45)} 38. Kf1 {(01:39)} Rxb2 {(00:26)} 39. Re2 {
(00:13)} Kc3 {(00:00)} 40. Rxb2 {(00:00)} Kxb2 {(
00:00)} 41. g4 {(10:10)} Kxa2 {(01:39)} 42. g5 {(00:11)}
d4 {(00:03)} 43. Ke2 {(00:13)} Kb3 {(00:02)} 44. h5 {
(00:24)} a5 {(01:09)} 45. g6 {(00:04)} Kc2 {(11:17]
} 46. Ne5 {(00:56)} a4 {(01:45)} 47. g7 {(00:06)} a3 {
(00:05)} 48. g8=Q {(00:05)} d3+ {(00:07)} 49. Nxd3 {
(00:09)} 1-0

[Event "42nd Olympiad Baku 2016 Women"]
[Site "Baku"]
[Date "2016.09.03"]
[Round "2.20"]
[White "Safar, Alshaymaa"]
[Black "Lakinska, Simona"]
[Result "1-0"]
[ECO "D01"]
[WhiteElo "1603"]
[BlackElo "1695"]
[Annotator ""]
[PlyCount "67"]
[EventDate "2016.??.??"]
[EventCountry "AZE"]
[SourceTitle "playchess.com"]
[Source "ChessBase"]
[WhiteTeam "Qatar"]
[BlackTeam "Macedonia"]
[WhiteTeamCountry "QAT"]
[BlackTeamCountry "MKD"]
[TimeControl "40/5400+30:1800+30"]

1. d4 {(00:00)} Nf6 {(00:00)} 2. Nc3 {(00:00)} d5 {
(00:00)} 3. Bg5 {(00:00)} Nbd7 {(00:13)} 4. e3 {(
00:17)} h6 {(00:33)} 5. Bf4 {(01:20)} a6 {(01:49)} 6. Qf3
{(01:55)} e6 {(03:02)} 7. h3 {(01:25)} c5 {(13:26)}
8. O-O-O {(00:23)} Qb6 {(14:31)} 9. Nge2 {(03:58)} Qc6 {
(12:52)} 10. g4 {(03:41)} b5 {(04:36)} 11. Ng3 {(
13:46)} Bb7 {(17:22)} 12. h4 {(01:48)} cxd4 {(01:34)} 13.
exd4 {(01:18)} Rc8 {(02:05)} 14. Bd3 {(01:20)} b4 {
(03:28)} 15. Nce2 {(02:10)} a5 {(00:57)} 16. Kb1 {(
02:00)} Nb6 {(03:41)} 17. g5 {(03:07)} Ng8 {(05:21)} 18.
g6 {(03:25)} f6 {(01:06)} 19. Rhe1 {(03:16)} Na4 {(
08:09)} 20. Nc1 {(04:02)} Ne7 {(01:59)} 21. Qe2 {(00:51)}
Qd7 {(02:05)} 22. Qxe6 {(03:33)} Qxe6 {(00:54)} 23. Rxe6 {
(00:04)} Bc6 {(00:18)} 24. Rde1 {(00:48)} Kd8 {(00:
37)} 25. Rd6+ {(00:49)} Kc7 {(01:16)} 26. Rxf6+ {(03:49)}
Kb7 {(00:30)} 27. Rfe6 {(02:40)} Nb6 {(00:33)} 28. Nb3 {
(04:09)} Ra8 {(00:28)} 29. Nc5+ {(01:06)} Kc8 {(00:
15)} 30. Bd6 {(04:10)} Ra7 {(00:48)} 31. Bxe7 {(00:44)}
Bxe7 {(00:18)} 32. Rxc6+ {(00:30)} Kd8 {(00:26)} 33. Rxb6
{(00:36)} Bxc5 {(00:17)} 34. dxc5 1-0

[Event "42nd Olympiad Baku 2016 Women"]
[Site "Baku"]
[Date "2016.09.03"]
[Round "2.24"]
[White "Salim-Moussa, Seydi"]
[Black "Musaeva, Shakhnazi"]
[Result "0-1"]
[ECO "B90"]
[WhiteElo "1668"]
[BlackElo "1611"]
[Annotator ""]
[PlyCount "136"]
[EventDate "2016.??.??"]
[EventCountry "AZE"]
[SourceTitle "playchess.com"]
[Source "ChessBase"]
[WhiteTeam "AHO"]
[BlackTeam "KGZ"]
[WhiteTeamCountry "AHO"]
[BlackTeamCountry "KGZ"]
[TimeControl "40/5400+30:1800+30"]

1. e4 {(00:00)} c5 {(00:00)} 2. Nf3 {(00:00)} d6 {(
00:00)} 3. h3 {(00:05)} Nf6 {(00:10)} 4. Nc3 {(00:10)} e6
{(00:55)} 5. d4 {(00:26)} cxd4 {(00:13)} 6. Nxd4 {(
00:09)} a6 {(00:20)} 7. Be3 {(00:26)} Be7 {(01:44)} 8. Be2
{(01:04)} b5 {(01:27)} 9. a3 {(01:42)} Bb7 {(01:01]
} 10. Qd3 {(03:35)} Nbd7 {(01:04)} 11. Nf3 {(17:27)} Qc7 {
(02:58)} 12. O-O {(04:57)} O-O {(02:11)} 13. Rad1 {
(06:04)} Rfd8 {(04:38)} 14. Nh2 {(17:40)} Nc5 {(09:
58)} 15. Bxc5 {(06:50)} dxc5 {(02:54)} 16. Qe3 {(03:12)}
c4 {(01:48)} 17. Bf3 {(03:05)} Bc5 {(01:45)} 18. Qg5 {
(11:02)} h6 {(02:50)} 19. Qh4 {(01:48)} Be7 {(02:
33)} 20. Qg3 {(01:23)} Qxg3 {(11:32)} 21. fxg3 {(00:05)}
Bc5+ {(00:38)} 22. Kh1 {(00:43)} Bd4 {(04:44)} 23. e5 {
(05:29)} Bxf3 {(03:18)} 24. Nxf3 {(00:25)} Bxc3 {(
00:29)} 25. exf6 {(02:26)} Bxf6 {(01:15)} 26. c3 {(00:41)}
a5 {(04:55)} 27. Nd4 {(02:37)} b4 {(01:36)} 28. axb4 {
(01:38)} axb4 {(00:06)} 29. Nc6 {(02:54)} Rxd1 {(
00:15)} 30. Rxd1 {(00:33)} bxc3 {(00:10)} 31. bxc3 {(02:
18)} Bxc3 {(02:16)} 32. Rc1 {(00:23)} Ra1 {(00:08)} 33.
Rxa1 {(01:44)} Bxa1 {(00:15)} 34. Nb4 {(00:06)} f5 {
(00:30)} 35. Kg1 {(00:40)} Kf7 {(00:51)} 36. Kf2 {(
00:19)} Kf6 {(00:47)} 37. Ke3 {(01:20)} Be5 {(00:56)} 38.
g4 {(02:07)} fxg4 {(00:29)} 39. hxg4 {(00:28)} Kg5 {
(01:35)} 40. Kf3 {(00:52)} c3 {(01:39)} 41. Nc2 {(
30:35)} Bd6 {(30:55)} 42. Ne3 {(00:58)} Bc5 {(00:25)} 43.
Nc2 {(00:21)} g6 {(00:34)} 44. Ne1 {(00:42)} e5 {(
00:50)} 45. Kg3 {(00:00)} e4 {(00:00)} 46. Nc2 {(00:00)}
Bd6+ {(00:00)} 47. Kf2 {(00:00)} Kxg4 {(00:00)} 48. Ke3 {
(00:00)} Kf5 {(00:00)} 49. Nd4+ {(00:00)} Ke5 {(00:
00)} 50. Nc2 {(00:00)} Bc5+ {(00:00)} 51. Ke2 {(00:00)}
Kf4 {(00:00)} 52. Kf1 {(00:00)} Kg3 {(00:00)} 53. Ne1 {
(00:00)} h5 {(00:00)} 54. Nc2 {(00:00)} g5 {(00:00]
} 55. Ne1 {(00:00)} h4 {(00:00)} 56. Nc2 {(00:00)} g4 {
(00:00)} 57. Ne1 {(00:00)} h3 {(00:00)} 58. gxh3 {(
00:00)} gxh3 {(00:00)} 59. Ke2 {(00:07)} h2 {(00:00)} 60.
Kd1 {(01:26)} h1=Q {(00:00)} 61. Kc2 {(00:46)} Qxe1 {
(00:00)} 62. Kb3 {(00:16)} Qb1+ {(00:00)} 63. Kc4 {
(00:23)} c2 {(00:00)} 64. Kd5 {(00:29)} c1=Q {(00:
00)} 65. Ke6 {(00:23)} Qb6+ {(00:00)} 66. Ke5 {(00:22)}
Qc3+ {(00:00)} 67. Kf5 {(00:17)} Qbf6+ {(00:00)} 68. Kxe4
{(00:18)} Qfe5# {(00:00] Kd4} 0-1

[Event "42nd Olympiad Baku 2016 Women"]
[Site "Baku"]
[Date "2016.09.03"]
[Round "2.21"]
[White "Samaganova, Alexandra"]
[Black "Mena, Ailen Oriana"]
[Result "1-0"]
[ECO "A20"]
[WhiteElo "2048"]
[BlackElo "1715"]
[Annotator ""]
[PlyCount "107"]
[EventDate "2016.??.??"]
[EventCountry "AZE"]
[SourceTitle "playchess.com"]
[Source "ChessBase"]
[WhiteTeam "KGZ"]
[BlackTeam "AHO"]
[WhiteTeamCountry "KGZ"]
[BlackTeamCountry "AHO"]
[TimeControl "40/5400+30:1800+30"]

1. c4 {(00:00)} e5 {(00:00)} 2. e3 {(00:07)} Nf6 {(
01:30)} 3. a3 {(00:23)} d5 {(02:31)} 4. cxd5 {(00:44)}
Nxd5 {(00:48)} 5. Nf3 {(00:52)} Qf6 {(05:29)} 6. Qc2 {
(03:30)} Bd6 {(02:10)} 7. Bc4 {(09:21)} Nb6 {(01:
04)} 8. Be2 {(02:43)} Qg6 {(13:00)} 9. Qxg6 {(10:34)} hxg6
{(00:11)} 10. Nc3 {(00:19)} Bd7 {(07:44)} 11. O-O {
(10:29)} f5 {(04:38)} 12. h3 {(15:00)} a6 {(01:54)}
13. b4 {(04:33)} c6 {(12:02)} 14. d3 {(03:13)} Be6 {
(00:52)} 15. Rb1 {(07:56)} N8d7 {(03:48)} 16. e4 {(
08:50)} Nf6 {(04:34)} 17. Ng5 {(02:47)} Bg8 {(02:41)} 18.
f4 {(04:25)} O-O-O {(02:55)} 19. Be3 {(06:10)} Na8 {
(01:14)} 20. g3 {(04:29)} Kb8 {(04:45)} 21. a4 {(
01:38)} Nc7 {(04:33)} 22. b5 {(00:53)} axb5 {(05:12)} 23.
axb5 {(00:01)} c5 {(00:32)} 24. Kg2 {(00:46)} fxe4 {
(03:12)} 25. dxe4 {(00:52)} b6 {(00:27)} 26. Nf3 {(
01:06)} Be6 {(03:11)} 27. Rh1 {(00:23)} exf4 {(00:40)} 28.
gxf4 {(00:14)} Nh5 {(00:59)} 29. e5 {(00:20)} Be7 {
(00:10)} 30. Nd2 {(01:43)} Nd5 {(00:48)} 31. Nxd5 {
(00:28)} Bxd5+ {(00:10)} 32. Bf3 {(00:16)} Bxf3+ {(
00:48)} 33. Kxf3 {(00:28)} Rhf8 {(00:40)} 34. Nc4 {(00:52]
} Kb7 35. Rbd1 {(00:31)} Nxf4 {(03:04)} 36. Rxd8 {(00:28)}
Bxd8 {(00:20)} 37. Nd6+ {(00:32)} Kb8 {(00:45)} 38. Ke4 {
(00:32)} Ne6 {(01:49)} 39. Rg1 {(00:25)} g5 {(00:
40)} 40. Rg4 {(00:34)} Rf1 {(01:44)} 41. Rg3 {(07:26)} Kc7
{(05:43)} 42. Bd2 {(06:21)} Rd1 {(04:32)} 43. Rg2 {
(05:04)} Rh1 {(00:32)} 44. Kf5 {(08:51)} Kd7 {(06:
10)} 45. Rg3 {(02:58)} Rb1 {(06:31)} 46. Rd3 {(01:38)}
Nd4+ {(03:34)} 47. Ke4 {(01:01)} Ke6 {(00:32)} 48. Bc3 {
(00:30)} Nxb5 {(01:23)} 49. Nxb5 {(00:28)} Rxb5 {(
02:59)} 50. Rxd8 {(00:08)} Rb3 {(02:07)} 51. Rd6+ {(00:25]
} Ke7 {(00:32)} 52. Bd2 {(00:45)} Rxh3 {(03:11)} 53. Bxg5+
{(00:10)} Ke8 {(00:50)} 54. e6 {(00:51)} 1-0